 Dungeon Crawl Stone Soup version 0.13.1-19-g4b9377e (webtiles) character file.

142 Kae the Firebug (level 3, 0/19 HPs)
             Began as a Tengu Fire Elementalist on Dec 24, 2013.
             Slain by an adder (5 damage)
             ... on Level 1 of the Dungeon.
             The game lasted 00:02:34 (1039 turns).

Kae the Firebug (Tengu Fire Elementalist)           Turns: 1039, Time: 00:02:34

HP   0/19        AC  2     Str  8      XL: 3   Next: 25%
MP   0/7         EV 12     Int 16      God:
Gold 110         SH  0     Dex 14      Spells:  2 memorised,  2 levels left

Res.Fire  : . . .   See Invis. : .   (no weapon)
Res.Cold  : . . .   Warding    : .   a - +0 robe
Life Prot.: . . .   Conserve   : .   (no shield)
Res.Poison: .       Res.Corr.  : .   (helmet restricted)
Res.Elec. : .       Clarity    : .   (no cloak)
Sust.Abil.: . .     Spirit.Shd : .   (no gloves)
Res.Mut.  : .       Stasis     : .   (boots unavailable)
Res.Rott. : .       Flight     : .   (no amulet)
Saprovore : . . .                    (no ring)
                                     (no ring)

@: mildly poisoned, not resistant to hostile enchantments, fairly stealthy
A: beak, talons 3
a: no special abilities


You were on level 1 of the Dungeon.
You were hungry.

You visited 1 branch of the dungeon, and saw 1 of its levels.

You collected 90 gold pieces.

Inventory:

Missiles
 i - a dart (quivered)
Armour
 a - a +0 robe (worn)
Comestibles
 c - a bread ration
 f - a pear
 h - 7 strawberries
 l - an apple
Scrolls
 d - 2 scrolls of fog
 e - a scroll of fear {unknown}
 j - a scroll of enchant weapon I {unknown}
 k - a scroll of blinking
Jewellery
 g - an uncursed ring of protection from fire {unknown}
Books
 b - a book of Flames

   Spells                             Type                      Level
   *Flame Tongue                      Conjuration/Fire             1
   *Throw Flame                       Conjuration/Fire             2
   Conjure Flame                      Conjuration/Fire             3
   Inner Flame                        Hexes/Fire                   3
   Sticky Flame                       Conjuration/Fire             4
   Fireball                           Conjuration/Fire             5


   Skills:
 - Level 2.1 Dodging
 - Level 2.0 Stealth
 + Level 1.6 Spellcasting
 * Level 2.5 Conjurations
 * Level 3.8 Fire Magic


You had 2 spell levels left.
You knew the following spells:

 Your Spells              Type           Power        Failure   Level  Hunger
a - Flame Tongue          Conj/Fire      ##...        8%          1    ##.....
b - Throw Flame           Conj/Fire      ##....       10%         2    ###....


Dungeon Overview and Level Annotations

Branches:
Dungeon (1/27)

Altars:


Innate Abilities, Weirdness & Mutations

You have a beak for a mouth.
You have claws for feet.


Message History

You are too injured to fight recklessly!
You are too injured to fight recklessly!
You barely miss the adder. Your kick misses the adder.
The adder is moderately wounded.
* * * LOW HITPOINT WARNING * * *
You feel sick. The adder closely misses you.
You miss the adder. You claw the adder. You peck the adder, but do no damage.
The adder is almost dead.
The adder misses you. The adder bites you.
* * * LOW HITPOINT WARNING * * *
You closely miss the adder.
The adder is almost dead.
The adder completely misses you.
Casting: Flame Tongue
Confirm with . or Enter, or press ? or * to list all spells.
Aiming: Flame Tongue
Press: ? - help, Shift-Dir - straight line, f/p - adder
Aim: an adder (almost dead)
The flame misses the adder.
The adder bites you.
You die...

.................................
.........#..........#....###.####
....................#............
.........#.......................
.........#####.#.####....###.####
......#### #.#.# #....###.####
......# #.#.# #..........h.
......# ####.#S####....###.####
......#####....#@...####.# #.#
............#.....#......# #.#
......###.##.#.#.#.##.#### #.#
......##.##.⌠.###.⌠.##.## #.#
......#.####.#.#.#.####.####.####
........#.#.#.#.#.#.#.#..#.......
...[...#.⌠.###.⌠.###.♣)#.#.......
...###..#.#.#.#.#.#.#.#..........
...####.####.#.#.#.####..........


You could see an adder.

Vanquished Creatures
  A gnoll (D:1)
  2 giant cockroaches (D:1)
  2 hobgoblins (D:1)
  5 jackals (D:1)
  A bat (D:1)
  2 giant newts (D:1)
  4 goblins (D:1)
  5 kobolds (D:1)
  A rat (D:1)
23 creatures vanquished.

Notes
Turn   | Place    | Note
--------------------------------------------------------------
     0 | D:1      | Kae, the Tengu Fire Elementalist, began the quest for the Orb.
     0 | D:1      | Reached XP level 1. HP: 10/10 MP: 3/3
   506 | D:1      | Reached XP level 2. HP: 15/15 MP: 0/5
   560 | D:1      | Learned a level 2 spell: Throw Flame
   705 | D:1      | Reached XP level 3. HP: 7/19 MP: 5/7
  1039 | D:1      | Slain by an adder

Action                   || total
-------------------------++-------
Melee: Unarmed           ||    29
 Cast: Flame Tongue      ||    46
  Use: Scroll            ||     2
 Stab: Distracted        ||     1
